[Event "6th Cesme Open-A 2018"]
[Site "Cesme"]
[Date "2018.07.01"]
[Round "9.8"]
[White "Bashirli, Nail Qoshqar"]
[Black "Barsov, Alexei"]
[Result "0-1"]
[ECO "C03"]
[WhiteElo "2385"]
[BlackElo "2371"]
[Annotator "NA"]
[PlyCount "134"]
[EventDate "2018.06.26"]
[EventType "swiss"]
[EventCountry "TUR"]
[SourceTitle "playchess.com"]
[Source "ChessBase"]
[SourceQuality "1"]
[TimeControl "5400+30"]

1. e4 e6 2. d4 d5 3. Nd2 Be7 4. Bd3 c5 5. dxc5 Nf6 6. Qe2 O-O 7. Ngf3 {[%emt 0:00:00] C03: French Tarrasch: Unusual Black 3rd moves} a5 8. e5 Nfd7 9. c4 Na6 10. O-O Naxc5 11. Bc2 {[%emt 0:00:30] LiveBook: 63 Games} dxc4 12. Rd1 (12. Nd4 $14) 12... b5 13. Ne4 Bb7 14. Nxc5 $1 Bxc5 {[%emt 0:00:30] [#]} 15. Ng5 $146 ({Predecessor:} 15. Bxh7+ Kxh7 {½-½ (23) Motylev,A (2658)-Vitiugov,N (2719) Chita 2015}) 15... g6 16. Be4 Qc7 17. Bxb7 Qxb7 18. Ne4 {[%emt 0:01:30] [#]} Be7 $1 19. Qf3 Nc5 20. Nf6+ Bxf6 21. Qxf6 Ne4 22. Qh4 $1 f5 23. Bh6 $2 ({White must play} 23. exf6 $1 $11 Rf7 24. a4 (24. Bg5 Nxg5 25. Qxg5 Raf8 $11)) 23... Rfe8 24. Rd4 c3 25. bxc3 Nxc3 26. Rd6 b4 27. Qc4 Rac8 28. Qd3 Nd5 29. h3 a4 30. Rb1 Rb8 31. Ra6 Red8 32. Rxa4 Nb6 33. Qxd8+ Rxd8 34. Raxb4 Rb8 35. Be3 Qa8 36. Bxb6 Qxa2 37. Kh2 g5 38. Rd1 (38. f3 $17) 38... Qe2 39. Rd7 Qxe5+ 40. g3 Qe2 41. Kg2 Qa6 42. Rd6 Kf7 43. Rb2 Rb7 44. Kh2 Qa3 45. Rbd2 Qb4 46. Bd8 (46. Be3 {is a better defense.}) 46... h6 47. R6d4 Qc3 48. R4d3 Qc5 49. Rd4 Qc1 50. Rd1 Qb2 51. R1d2 Qa1 52. Kg2 (52. Rd1 $142 Qc3 53. R4d3) 52... Qa8 (52... Rb1 $142 53. Kf3 Qa8+ 54. Ke2 Qa6+ 55. R2d3 e5 56. Rd7+ Ke8) 53. Kg1 Rb1+ 54. Rd1 Qa1 55. Rxb1 Qxb1+ 56. Kg2 Qb7+ 57. Kg1 Qb1+ 58. Kg2 e5 59. Rd2 Qb7+ 60. Kh2 Qa7 61. h4 g4 62. Kg1 Qa1+ 63. Kh2 f4 64. gxf4 exf4 65. Bb6 Qf6 66. Bd8 Qc3 67. Rd7+ Ke8 0-1

[Event "6th Cesme Open-A 2018"]
[Site "Cesme"]
[Date "2018.07.01"]
[Round "9.10"]
[White "Agdelen, Huseyin Can"]
[Black "Ozen, Deniz"]
[Result "0-1"]
[ECO "C11"]
[WhiteElo "2276"]
[BlackElo "2408"]
[Annotator "ChessBase"]
[PlyCount "70"]
[EventDate "2018.06.26"]
[EventType "swiss"]
[EventCountry "TUR"]
[SourceTitle "playchess.com"]
[Source "ChessBase"]
[SourceQuality "1"]
[TimeControl "5400+30"]

1. e4 e6 2. d4 d5 3. Nc3 Nf6 4. e5 Nfd7 5. f4 c5 6. Nf3 Nc6 7. Be3 Be7 8. Qd2 O-O 9. dxc5 Nxc5 10. O-O-O a6 11. Kb1 b5 12. Bxc5 Bxc5 13. Bd3 f5 14. exf6 Qxf6 15. Ne2 Nb4 16. h4 Nxd3 17. Qxd3 Bd6 18. g4 Qg6 19. Qc3 Bb7 20. Ng5 h6 21. Nf3 Rac8 22. Ne5 Bxe5 23. Qxe5 Qxc2+ 24. Ka1 Qe4 25. Qxe4 dxe4 26. g5 Rcd8 27. gxh6 Rxd1+ 28. Rxd1 gxh6 29. b4 Bd5 30. Rg1+ Kh7 31. Rd1 Bc4 32. Rd7+ Kg8 33. Ng3 e3 34. Rd4 e2 35. Re4 Rxf4 0-1

[Event "6th Cesme Open-A 2018"]
[Site "Cesme"]
[Date "2018.07.01"]
[Round "9.11"]
[White "Yildiz Kadioglu, Betul Cemre"]
[Black "Topel, Zehra"]
[Result "1/2-1/2"]
[ECO "B38"]
[WhiteElo "2323"]
[BlackElo "2145"]
[Annotator "NA"]
[PlyCount "88"]
[EventDate "2018.06.26"]
[EventType "swiss"]
[EventCountry "TUR"]
[SourceTitle "playchess.com"]
[Source "ChessBase"]
[SourceQuality "1"]
[TimeControl "5400+30"]

1. e4 c5 2. Nf3 d6 3. d4 cxd4 4. Nxd4 Nf6 5. f3 a6 6. c4 g6 7. Nc3 Bg7 8. Be3 O-O {[%emt 0:01:30] LiveBook: 15 Partien} 9. Be2 Nc6 10. O-O Nd7 {[%emt 0:05:30] B38: Sicilian: Maroczy Bind with 5...Bg7 and 7...0-0} (10... Nxd4 11. Bxd4 Be6 12. f4 Rc8 13. b3 Ne8 14. Kh1 Bd7 15. a4 Bxd4 16. Qxd4 a5 17. Rad1 Ng7 18. Nd5 Bc6 19. Bg4 {½-½ (59) Howell,D (2670)-Fodor,T (2486) England 2015}) 11. Nb3 b6 12. Rc1 Bb7 13. Qd2 Rc8 {[%emt 0:00:30] [#]} 14. Rfd1 $146 ({Predecessor:} 14. Nd5 Nc5 15. Rfd1 Re8 16. Bf1 a5 17. Na1 Ba6 {1-0 (45) Shaposhnikov,E (2525)-Arakelov,I (2375) Moscow 2001}) 14... Nc5 15. Nd4 Ne5 16. b3 h5 17. h3 Kh7 18. Qe1 Nc6 19. Nxc6 Bxc6 20. Nd5 a5 21. g4 (21. Nc3 $14) 21... e6 22. Nf4 e5 23. Nd5 Rb8 24. Qf2 Rb7 25. Nxb6 Ne6 26. Nd5 Nd4 ({Black should play} 26... a4 $14) 27. g5 a4 28. bxa4 Rb2 29. Rd2 Rxd2 30. Bxd2 Bxa4 31. Rb1 f5 32. gxf6 Bxf6 33. Rb7+ Kh8 34. Bh6 Bc6 35. Rb2 Rf7 36. Be3 Bg7 37. Bd1 Qf8 38. Kg2 Kh7 39. Nc3 Bd7 40. Nb5 Nxf3 41. Nxd6 $19 (41. Bxf3 $11 Bxh3+ 42. Kg3 h4+ 43. Kh2 Rxf3 44. Qxh4+ Kg8 45. Rf2) 41... Bxh3+ 42. Kh1 Qxd6 43. Bxf3 Bg4 44. Bc5 Qd3 1/2-1/2

[Event "6th Cesme Open-A 2018"]
[Site "Cesme"]
[Date "2018.07.01"]
[Round "9.12"]
[White "Kamer, Kayra"]
[Black "Koksal, Ege"]
[Result "0-1"]
[ECO "A13"]
[WhiteElo "2181"]
[BlackElo "2356"]
[Annotator "ChessBase"]
[PlyCount "100"]
[EventDate "2018.06.26"]
[EventType "swiss"]
[EventCountry "TUR"]
[SourceTitle "playchess.com"]
[Source "ChessBase"]
[SourceQuality "1"]
[TimeControl "5400+30"]

1. c4 Nf6 2. Nf3 e6 3. b3 b6 4. Bb2 Bb7 5. e3 Be7 6. Be2 O-O 7. O-O d5 8. Ne5 Nbd7 9. Bf3 c5 10. d4 Nxe5 11. dxe5 Ne8 12. Qe2 Qc8 13. Nc3 Nc7 14. Rfd1 Rd8 15. Rd2 Bc6 16. Rad1 Qb7 17. cxd5 exd5 18. Qd3 b5 19. Ne2 Ne6 20. Nf4 Nxf4 21. exf4 d4 22. Bxc6 Qxc6 23. Qg3 Qe4 24. b4 c4 25. Bxd4 Bxb4 26. e6 Qg6 27. Qxg6 hxg6 28. exf7+ Kxf7 29. Rc2 Bc5 30. Rcd2 Bb4 31. Rc2 Rd5 32. Kf1 a5 33. Ke2 Rad8 34. a3 Be7 35. Rcd2 Bxa3 36. Bb6 Rxd2+ 37. Rxd2 Rxd2+ 38. Kxd2 Bb4+ 39. Kc2 a4 40. f3 Be1 41. Kd1 Bc3 42. Kc2 Be1 43. Kd1 Bh4 44. g4 b4 45. g5 a3 46. Kc2 b3+ 47. Kb1 Be1 48. Bd4 c3 49. h4 a2+ 50. Ka1 c2 0-1

[Event "6th Cesme Open-A 2018"]
[Site "Cesme"]
[Date "2018.07.01"]
[Round "9.13"]
[White "Gunduz, Umut Erdem"]
[Black "Haznedaroglu, Kivanc"]
[Result "0-1"]
[ECO "B23"]
[WhiteElo "2130"]
[BlackElo "2472"]
[Annotator "ChessBase"]
[PlyCount "119"]
[EventDate "2018.06.26"]
[EventType "swiss"]
[EventCountry "TUR"]
[SourceTitle "playchess.com"]
[Source "ChessBase"]
[SourceQuality "1"]
[TimeControl "5400+30"]

1. e4 c5 2. Nc3 a6 3. g3 b5 4. Bg2 Bb7 5. d3 g6 6. f4 Bg7 7. Nf3 d6 8. O-O Nc6 9. f5 Nf6 10. h3 Ne5 11. g4 b4 12. Ne2 Qb6 13. Nxe5 dxe5 14. Be3 g5 15. Bxg5 h5 16. Ng3 hxg4 17. hxg4 c4+ 18. Rf2 Rg8 19. Nf1 Bh6 20. Bxf6 exf6 21. dxc4 Bf8 22. Bf3 Bc5 23. Qe2 O-O-O 24. Re1 Rd4 25. Kg2 Rxg4+ 26. Bxg4 Rxe4 27. Bf3 Rxe2 28. Rfxe2 Bxf3+ 29. Kxf3 Qc6+ 30. Re4 Qd7 31. Ng3 Qd2 32. R1e2 Qc1 33. b3 Kd7 34. Rh4 a5 35. Rh7 Ke7 36. Rh8 a4 37. Rc8 Qf4+ 38. Kg2 Be3 39. Rc7+ Ke8 40. Rc8+ Kd7 41. Rf8 Ke7 42. Rh8 a3 43. Rh1 Qd4 44. Rhe1 Bf4 45. Re4 Qc3 46. Nh5 Bg5 47. R1e2 Qb2 48. c5 Kd7 49. Rc4 Kc6 50. Re1 Bd2 51. Rd1 Bc3 52. Rd6+ Kc7 53. Ng7 Qxc2+ 54. Kf3 e4+ 55. Rxe4 Be5 56. Ne8+ Kc8 57. Rc4 Qxf5+ 58. Ke3 Qh3+ 59. Ke4 Qg2+ 60. Ke3 0-1

[Event "6th Cesme Open-A 2018"]
[Site "Cesme"]
[Date "2018.07.01"]
[Round "9.14"]
[White "Danin, Alexandre"]
[Black "Tarlabasi, Emirhan"]
[Result "1-0"]
[ECO "C01"]
[WhiteElo "2539"]
[BlackElo "2117"]
[Annotator "ChessBase"]
[PlyCount "79"]
[EventDate "2018.06.26"]
[EventType "swiss"]
[EventCountry "TUR"]
[SourceTitle "playchess.com"]
[Source "ChessBase"]
[SourceQuality "1"]
[TimeControl "5400+30"]

1. e4 e6 2. d4 d5 3. Bd3 dxe4 4. Bxe4 Nf6 5. Bf3 c5 6. Ne2 Be7 7. Nbc3 Nc6 8. Be3 cxd4 9. Nxd4 Nxd4 10. Qxd4 Qxd4 11. Bxd4 Bd7 12. O-O-O Bc6 13. Bxc6+ bxc6 14. Rhe1 Bb4 15. a3 Bxc3 16. Bxc3 Nd5 17. Bd4 O-O 18. c4 Nb6 19. b3 Rfc8 20. Re3 Rc7 21. Rg3 g6 22. Rgd3 Rd7 23. a4 e5 24. Bxe5 Rad8 25. Rxd7 Rxd7 26. Bd4 Rb7 27. Re1 Kf8 28. Bc5+ Kg7 29. Re8 Nd7 30. Bd4+ Kh6 31. Re7 c5 32. Bc3 f5 33. h4 Kh5 34. Rxh7+ Kg4 35. Kc2 f4 36. Rf7 f3 37. Rxf3 Kxh4 38. Rf7 a6 39. Be1 Kg5 40. f3 1-0

[Event "6th Cesme Open-A 2018"]
[Site "Cesme"]
[Date "2018.07.01"]
[Round "9.15"]
[White "Guseynov, Alihan"]
[Black "Yasin, Hur"]
[Result "1-0"]
[ECO "A39"]
[WhiteElo "2341"]
[BlackElo "1991"]
[Annotator "NA"]
[PlyCount "69"]
[EventDate "2018.06.26"]
[EventType "swiss"]
[EventCountry "TUR"]
[SourceTitle "playchess.com"]
[Source "ChessBase"]
[SourceQuality "1"]
[TimeControl "5400+30"]

1. d4 Nf6 2. c4 c5 3. Nf3 cxd4 4. Nxd4 g6 5. Nc3 Nc6 6. g3 Bg7 7. Bg2 Nxd4 8. Qxd4 O-O 9. O-O d6 10. Qd3 Nd7 11. b3 Nc5 12. Qd2 a5 {[%emt 0:01:30] LiveBook: 18 Games A39: Symmetrical English vs ...g6: 4 Bg2 Bg7 5 Nf3 Nf6 6 0-0 0-0 7 d4} (12... Rb8 13. Bb2 b6 14. b4 Nd7 15. Nd5 Bxb2 16. Qxb2 Bb7 17. Rfd1 e6 18. Ne3 Bxg2 19. Kxg2 Qc7 20. Qd4 {1-0 (48) Melkumyan,H (2632)-Arkell,K (2499) London 2015}) 13. Rb1 Re8 $146 ({Predecessor:} 13... Bf5 14. e4 Be6 15. Nd5 Rb8 16. Qe2 Qd7 17. Bd2 b6 18. h4 Rfe8 19. Rfe1 Bd4 20. Bg5 {1-0 (89) Sarana,A (2427)-Obgolts,E (2217) St Petersburg 2016}) 14. Bb2 Bf5 15. Rbc1 Qd7 16. Rfd1 Ra6 17. Nd5 f6 18. Qe3 Kf7 19. a3 Rc8 (19... Qe6 $16 {was worth a try.}) 20. b4 axb4 21. axb4 Na4 22. Ba1 Rac6 23. c5 e6 24. Nf4 d5 25. Qb3 Ra6 $2 (25... Nxc5 26. Rxc5 Qe8) 26. e4 Bg4 27. exd5 e5 28. d6+ Kf8 29. f3 Bf5 30. g4 exf4 31. gxf5 Qxf5 32. Re1 Nxc5 33. bxc5 Rxc5 34. Qxb7 Rac6 35. Re8+ 1-0

[Event "6th Cesme Open-A 2018"]
[Site "Cesme"]
[Date "2018.07.01"]
[Round "9.16"]
[White "Kucuk, Dogan"]
[Black "Samani, Yamac"]
[Result "1/2-1/2"]
[ECO "D79"]
[WhiteElo "1974"]
[BlackElo "2227"]
[Annotator "NA"]
[PlyCount "25"]
[EventDate "2018.06.26"]
[EventType "swiss"]
[EventCountry "TUR"]
[SourceTitle "playchess.com"]
[Source "ChessBase"]
[SourceQuality "1"]
[TimeControl "5400+30"]

1. Nf3 Nf6 2. g3 g6 3. Bg2 Bg7 4. O-O O-O 5. d4 d5 6. c4 c6 7. cxd5 cxd5 8. Nc3 e6 9. Bf4 Nc6 10. Ne5 Bd7 11. Nxc6 Bxc6 12. Be5 $11 {[%emt 0:07:30] LiveBook: 8 Games} Nd7 13. Nb1 1/2-1/2

[Event "6th Cesme Open-A 2018"]
[Site "Cesme"]
[Date "2018.07.01"]
[Round "9.17"]
[White "Ozkan, Ervin"]
[Black "Karaahmetoglu, Ege"]
[Result "1-0"]
[ECO "E15"]
[WhiteElo "2171"]
[BlackElo "2040"]
[Annotator "NA"]
[PlyCount "75"]
[EventDate "2018.06.26"]
[EventType "swiss"]
[EventCountry "TUR"]
[SourceTitle "playchess.com"]
[Source "ChessBase"]
[SourceQuality "1"]
[TimeControl "5400+30"]

1. d4 Nf6 2. c4 e6 3. Nf3 b6 4. g3 Ba6 5. Qa4 Bb7 6. Bg2 Be7 {[%emt 0:00:00] E15: Queen's Indian: 4 g3 sidelines, 4 g3 Ba6 and 4 g3 Bb7 early deviations} (6... c5 7. dxc5 bxc5 8. O-O Be7 9. Nc3 O-O 10. Rd1 Qb6 11. Bf4 d6 12. Rab1 Nbd7 13. b4 Rfb8 14. a3 h6 15. h3 a6 16. Qa5 Qxa5 17. bxa5 Ne8 18. Ne5 Nxe5 19. Bxb7 Nxc4 20. Bxa8 Rxa8 {0-1 (49) Xu,Y (2545)-Jakovenko,D (2732) China 2018}) 7. O-O O-O 8. Rd1 Qc8 9. Bf4 c5 10. Nc3 Bc6 $146 ({Predecessor:} 10... cxd4 $11 11. Nxd4 Bxg2 12. Kxg2 Nc6 (12... Qb7+ 13. Nf3 Rc8 14. Kg1 a6 15. Bd6 Bxd6 16. Rxd6 Nc6 17. Rad1 b5 18. cxb5 axb5 19. Qh4 Ne7 20. Qb4 Ned5 21. Qxb5 Qxb5 22. Nxb5 Rxa2 {0-1 (44) Ton That Nhu,T (2279)-Dao,T (2523) Ho Chi Minh City 2010})) 11. Qb3 (11. Qc2 $14) 11... cxd4 12. Rxd4 Bc5 13. Rd2 Qb7 14. Bd6 Bxd6 15. Rxd6 Na6 16. Qc2 Rac8 17. Rad1 (17. e4 $5) 17... Qa8 18. b3 Nc5 19. Ne1 a6 20. Bxc6 dxc6 $14 21. Nf3 Nb7 22. R6d2 c5 23. Ne4 Nxe4 24. Qxe4 Na5 25. Qh4 Nc6 26. Rd7 Rcd8 27. Qe4 Rxd7 28. Rxd7 Nb4 29. Qb1 Qc8 30. Ng5 g6 31. Qd1 h6 32. Nxf7 Nd5 33. Nxh6+ Kh8 34. Qa1+ Nf6 35. Rf7 Rxf7 36. Nxf7+ Kg7 37. Ng5 Qc6 38. Qe5 1-0

[Event "6th Cesme Open-A 2018"]
[Site "Cesme"]
[Date "2018.07.01"]
[Round "9.18"]
[White "Gulbeyaz, Emir"]
[Black "Isik, Alparslan"]
[Result "1/2-1/2"]
[ECO "B07"]
[WhiteElo "2074"]
[BlackElo "2212"]
[Annotator "NA"]
[PlyCount "42"]
[EventDate "2018.06.26"]
[EventType "swiss"]
[EventCountry "TUR"]
[SourceTitle "playchess.com"]
[Source "ChessBase"]
[SourceQuality "1"]
[TimeControl "5400+30"]

1. e4 d6 2. d4 Nf6 3. Nc3 e5 4. Nge2 Be7 5. g3 O-O {[%emt 0:01:00] B07: Pirc Defence: Miscellaneous Systems} 6. Bg2 c6 7. a4 (7. O-O b5 8. a3 Nbd7 9. h3 a5 10. g4 Ba6 11. Ng3 exd4 12. Qxd4 b4 13. Nce2 d5 14. e5 Bxe2 15. Nxe2 Bc5 16. Qf4 Nxe5 17. Qxe5 {0-1 (43) Moiseenko,A (2707)-Caruana,F (2791) Dubai 2014}) 7... a5 8. O-O Na6 9. h3 Nb4 10. Be3 exd4 11. Nxd4 d5 12. e5 Nd7 13. Nf3 Nc5 $146 14. Ne2 Qc7 15. Ned4 Ne4 16. c3 Na6 17. Qc1 Be6 18. Bf4 Nac5 19. Qe3 Qb6 20. Rfb1 Qd8 21. g4 f6 $18 (21... Bd7 $11 {and Black is okay.}) 1/2-1/2